 Dungeon Crawl Stone Soup version 0.24-a0-530-g18ba70b503 (webtiles) character file.

Game seed: 14278108157274524513

21 Mithandil the Conjurer (level 2, -1/15 HPs)
             Began as a Deep Elf Conjurer on Aug 7, 2019.
             Slain by a hobgoblin
             ... wielding a +0 club
             ... led by Robin
              (5 damage)
             ... on level 1 of the Dungeon.
             The game lasted 00:05:33 (872 turns).

Mithandil the Conjurer (Deep Elf Conjurer)           Turns: 872, Time: 00:05:34

Health: -1/15      AC:  3    Str:  5    XL:     2   Next: 62%
Magic:  8/8        EV: 12    Int: 19    God:
Gold:   13         SH:  0    Dex: 15    Spells: 4/7 levels left

rFire    . . .     SeeInvis .   b - +0 short sword
rCold    . . .     Gourm    .   (no shield)
rNeg     . . .     Faith    .   g - +0 leather armour
rPois    .         Spirit   .   (no helmet)
rElec    .         Reflect  .   (no cloak)
rCorr    .         Harm     .   (no gloves)
MR       .....                  (no boots)
Stlth    ++........             (no amulet)
HPRegen  0.05/turn              (no ring)
MPRegen  0.11/turn              (no ring)

@: no status effects
A: no striking features
a: no special abilities


You were on level 1 of the Dungeon.
You were not hungry.

You visited 1 branch of the dungeon, and saw 2 of its levels.

You collected 13 gold pieces.

Inventory:

Hand Weapons
 a - a +0 dagger
 b - a +0 short sword (weapon)
 d - a +0 mace
Armour
 g - a +0 leather armour (worn)
Scrolls
 e - 2 scrolls of identify {unknown}
 h - a scroll of teleportation {unknown}
Potions
 f - a potion of curing {unknown}
Comestibles
 c - a ration
 i - a chunk of flesh


   Skills:
 + Level 0.2 Short Blades
 + Level 0.2 Throwing
 + Level 2.5 Dodging
 + Level 2.6 Stealth
 * Level 3.2 Spellcasting
 * Level 4.9 Conjurations


You had 4 spell levels left.
You knew the following spells:

 Your Spells              Type           Power        Failure   Level  Hunger
a - Magic Dart            Conj           ###.         3%          1    None
b - Searing Ray           Conj           ###...       4%          2    ##.....

Your spell library contained the following spells:

 Spells                   Type           Power        Failure   Level  Hunger
 Dazzling Spray           Conj/Hex       ##....       26%         3    ###....
 Iskenderun's Mystic Bla  Conj           ###.....     32%         4    ####...
 Force Lance              Conj/Tloc      ##......     65%         4    ####...
 Fulminant Prism          Conj/Hex       ##........   65%         4    ####...


Dungeon Overview and Level Annotations

Branches:
Dungeon (2/15)

Altars:

Annotations:
D:2 Robin


Message History

Level annotation: Robin Robin roars a battlecry!
The goblins go into a battle-frenzy!
The goblin barely misses you. The hobgoblin closely misses you.
The goblin closely misses you.
There is a stone staircase leading up here.
The hobgoblin barely misses you. The goblin completely misses you.
You climb upwards.
There is a stone staircase leading down here.
You hit the goblin but do no damage.
The hobgoblin hits you but does no damage.
The goblin hits you.
You completely miss the goblin. The hobgoblin hits you with a +0 club!
Ouch! That really hurt!
* * * LOW HITPOINT WARNING * * *
The goblin misses you.
You hit the goblin.
The goblin is severely wounded.
The hobgoblin hits you with a +0 club.
You die...

###### ..#.....##
.........##
...........#
...........#
...........# .
............# ..
..........)g# ...
.........)@## ##....
....[...g########.....
####.##............#
#.......#######....#
........## #....#
..#......## #......#
#...⌠...# #....###
##..≈≈≈..# #....#
#...≈≈≈..#####...)#


You could see a hobgoblin and a goblin.

Vanquished Creatures
  A dart slug (D:1)
  8 goblins
  3 hobgoblins (D:1)
  2 jackals (D:1)
  2 bats (D:1)
16 creatures vanquished.

Notes
Turn   | Place    | Note
-------+----------+-------------------------------------------
     0 | D:1      | Mithandil the Deep Elf Conjurer began the quest for the
                  | Orb.
     0 | D:1      | Reached XP level 1. HP: 10/10 MP: 6/6
   391 | D:1      | Reached XP level 2. HP: 15/15 MP: 4/8
   395 | D:1      | Learned a level 2 spell: Searing Ray
   434 | D:2      | Noticed Robin
   872 | D:1      | Slain by a hobgoblin

Levels and vault maps discovered:
D:1:      dpeg_arrival_water_altar, layout_rooms, serial_park_tiny_pond
D:2:      layout_basic, uniq_robin

Action                   || total
-------------------------++-------
Melee: Mace              ||     6
       Short sword       ||    17
 Cast: Magic Dart        ||    23
Armor: Robe              ||     1
       Leather armour    ||     6
Dodge: Dodged            ||    31

Table legend:
 A = Non-vault XP
 B = Vault XP
 C = Vault XP percentage of total XP
 D = Non-vault monster count
 E = Vault monster count
 F = Vault count percentage of total count
                 A         B        C        D         E       F
            +---------+---------+-------+---------+---------+-------
      Total |      12 |      18 |  60.0 |       6 |      10 |  62.5
            +---------+---------+-------+---------+---------+-------
        D:1 |      12 |      12 |  50.0 |       6 |       6 |  50.0
        D:2 |       0 |       6 | 100.0 |       0 |       4 | 100.0
            +---------+---------+-------+---------+---------+-------
